 Dungeon Crawl Stone Soup version 0.23.1 (webtiles) character file.

Game seed: 8765916782071590550

41 Borgoz the Sneak (level 3, -3/27 HPs)
             Began as a Ghoul Enchanter on Mar 3, 2019.
             Slain by a killer bee zombie (7 damage)
             ... on level 2 of the Dungeon.
             The game lasted 00:02:56 (1094 turns).

Borgoz the Sneak (Ghoul Enchanter)                  Turns: 1094, Time: 00:02:56

Health: -3/27      AC:  3    Str: 11    XL:     3   Next: 52%
Magic:  4/4        EV: 12    Int: 10    God:
Gold:   91         SH:  0    Dex: 10    Spells: 4/5 levels left

rFire    . . .     SeeInvis .   h - +1 dagger (pain)
rCold    + . .     Gourm    .   (no shield)
rNeg     + + +     Faith    .   b - +0 robe
rPois    ∞         Spirit   .   l - +0 helmet
rElec    .         Reflect  .   (no cloak)
rCorr    .         Harm     .   (no gloves)
MR       .....                  (no boots)
Stlth    +++.......             (no amulet)
HPRegen  0.00/turn              k - ring of stealth
MPRegen  0.09/turn              (no ring)

@: rotting
A: rotting body, claws 1, carnivore, cold resistance 1, negative energy
resistance 3, inhibited regeneration, torment resistance, unbreathing
a: no special abilities


You were on level 2 of the Dungeon.
You were not hungry.

You visited 1 branch of the dungeon, and saw 2 of its levels.

You collected 91 gold pieces.

Inventory:

Hand Weapons
 a - a +1 dagger
 h - a +1 dagger of pain (weapon)
Missiles
 n - 12 poisoned needles
Armour
 b - a +0 robe (worn)
 l - a +0 helmet (worn)
Jewellery
 k - a ring of stealth (left claw)
Scrolls
 c - a scroll of teleportation {unknown}
 f - a scroll of identify {unknown}
 g - a scroll of enchant weapon {unknown}
 i - a scroll of enchant armour {unknown}
 m - a scroll of random uselessness {unknown}
Comestibles
 d - 3 rations


   Skills:
 + Level 0.8 Fighting
 * Level 1.7 Short Blades
 + Level 0.6 Armour
 * Level 2.3 Dodging
 + Level 3.6 Stealth
 - Level 1.7 Spellcasting
 - Level 2.4 Hexes


You had 4 spell levels left.
You knew the following spells:

 Your Spells              Type           Power        Failure   Level  Hunger
a - Corona                Hex            #......      12%         1    ##.....

Your spell library contained the following spells:

 Spells                   Type           Power        Failure   Level  Hunger
 Ensorcelled Hibernation  Hex/Ice        #.....       30%         2    ###....
 Confuse                  Hex            #.......     34%         3    ####...
 Tukima's Dance           Hex            #.......     34%         3    ####...
 Dazzling Spray           Conj/Hex       #.....       52%         3    ####...


Dungeon Overview and Level Annotations

Branches:
Dungeon (2/15)

Altars:


Innate Abilities, Weirdness & Mutations

Your body is rotting away.
You thrive on raw meat.
You are immune to poison.
You have sharp fingernails.
You are carnivorous and can eat meat at any time.
Your flesh is cold resistant. (rC+)
You are immune to negative energy. (rN+++)
You do not regenerate when monsters are visible.
You are immune to unholy pain and torment.
You can survive without breathing.


Message History

The killer bee zombie is moderately damaged.
The killer bee zombie hits you.
You barely miss the killer bee zombie.
The killer bee zombie is moderately damaged.
The killer bee zombie closely misses you.
The killer bee zombie hits you!
* * * LOW HITPOINT WARNING * * *
You barely miss the killer bee zombie.
The killer bee zombie is moderately damaged.
The killer bee zombie barely misses you.
Okay, then.
The killer bee zombie misses you.
The killer bee zombie barely misses you.
The killer bee zombie closely misses you.
The killer bee zombie barely misses you.
The killer bee zombie hits you but does no damage.
The killer bee zombie hits you.
* * * LOW HITPOINT WARNING * * *
The killer bee zombie hits you!
You die...

#...........#
.......#..####.#######..
#.....##†###...........#.
###### #g##..............
#.#...........(....#
#.#.............#...
##g#.................
###.).................
#....#l.Z@..........#
####.##...<........#
###..#.............#
#..................#
#...............####
#...............#
#...............#
#..............##
#....[.#......##


You could see a killer bee zombie, a goblin and a frilled lizard.

Vanquished Creatures
  An adder (D:1)
  An ooze (D:1)
  A leopard gecko (D:1)
  3 giant cockroaches (D:1)
  4 goblins (D:1)
  3 hobgoblins
  2 kobolds (D:1)
  A ball python (D:1)
  3 bats (D:1)
  A frilled lizard (D:1)
  6 rats
26 creatures vanquished.

Notes
Turn   | Place    | Note
-------+----------+-------------------------------------------
     0 | D:1      | Borgoz the Ghoul Enchanter began the quest for the Orb.
     0 | D:1      | Reached XP level 1. HP: 14/14 MP: 2/2
    46 | D:1      | Reached skill level 1 in Short Blades
   179 | D:1      | Reached XP level 2. HP: 13/22 MP: 1/3
   509 | D:1      | Reached XP level 3. HP: 24/27 MP: 4/4
  1094 | D:2      | Slain by a killer bee zombie

Skill      XL: |  1 |
---------------+----+-----
Short Blades   | 1 |  1.7
Dodging        | 2 |  2.3
Fighting       | |  0.8
Armour         | |  0.6
Stealth        | |  3.6
Spellcasting   | |  1.7
Hexes          | |  2.4

Action                   || total
-------------------------++-------
Melee: Dagger            ||   147
 Cast: Corona            ||     1
  Use: Potion            ||     2
 Stab: Sleeping          ||     3
  Eat: Chunk             ||    13
Armor: Robe              ||    37
Dodge: Dodged            ||    93
